 Dungeon Crawl Stone Soup version 0.27-a0-906-g0a00ce863d (webtiles) character file.

Game seed: 11934878533078426138

233 mhtbhm the Cudgeller (level 6, 0/38 HPs)
             Began as a Gargoyle Berserker on Apr 6, 2021.
             Was a Believer of Trog.
             Slain by a goblin
             ... wielding a +0 club
              (2 damage)
             ... on level 4 of the Dungeon.
             The game lasted 00:04:31 (3464 turns).

mhtbhm the Cudgeller (Gargoyle Berserker)           Turns: 3464, Time: 00:04:31

Health: 0/38       AC: 11    Str: 23    XL:     6   Next: 5%
Magic:  6/6        EV: 11    Int:  7    God:    Trog [**....]
Gold:   137        SH:  0    Dex:  9    Spells: 5/5 levels left

rFire    . . .     SeeInvis .   a - +0 mace
rCold    . . .     Faith    .   (no shield)
rNeg     + . .     Spirit   .   b - +0 ring mail
rPois    ∞         Reflect  .   (no helmet)
rElec    +         Harm     .   k - +0 cloak
rCorr    .         Rampage  .   (no gloves)
Will     .....                  (no boots)
Stlth    +.........             (no amulet)
HPRegen  0.12/turn              (no ring)
MPRegen  0.10/turn              (no ring)

@: on berserk cooldown, slowed, very slow
A: AC +4, negative energy resistance 1, electricity resistance, torment
resistance 1, unbreathing 1, petrification resistance
a: Renounce Religion, Berserk, Trog's Hand


You were on level 4 of the Dungeon.
You worshipped Trog.
Trog was pleased with you.
You visited 1 branch of the dungeon, and saw 4 of its levels.

You collected 137 gold pieces.

Inventory:

Hand Weapons
 a - a +0 mace (weapon)
Armour
 b - a +0 ring mail (worn)
 k - a +0 cloak (worn)
Scrolls
 c - a scroll of brand weapon {unknown}
 d - 4 scrolls of identify {unknown}
 f - a scroll of teleportation {unknown}
 l - a scroll of enchant armour {unknown}
Potions
 h - a potion of heal wounds {unknown}
 i - a potion of mutation {unknown}
 j - a potion of attraction {unknown}
 m - a potion of flight {unknown}
 n - a potion of ambrosia {unknown}


   Skills:
 + Level 4.2 Fighting
 + Level 4.8 Maces & Flails
 + Level 3.2 Armour
 + Level 2.5 Dodging
 + Level 0.5 Stealth
 + Level 0.3 Unarmed Combat


You had 5 spell levels left.
You didn't know any spells.
Your spell library was empty.

Dungeon Overview and Level Annotations

Branches:
Dungeon (4/15)
 Temple: D:4-7

Altars:
Makhleb

Shops:
D:2 :


Innate Abilities, Weirdness & Mutations

Your stone body is resilient. (AC +4)
You are immune to poison.
You resist negative energy. (rN+)
You are resistant to electric shocks. (rElec)
You are resistant to unholy torment.
You can survive without breathing.
You are immune to petrification.


Message History

The orc priest is heavily wounded.
The orc priest hits you but does no damage.
The goblin barely misses you.
The orc priest calls down the wrath of Beogh upon you.
Beogh smites you!
* * * LOW HITPOINT WARNING * * *
The goblin barely misses you.
You barely miss the orc priest.
The orc priest is heavily wounded.
The orc priest hits you but does no damage.
A kobold comes into view. It is wielding a +0 short sword.
The goblin completely misses you. The orc priest closely misses you.
Unknown command.
You closely miss the orc priest.
The orc priest is heavily wounded.
The kobold shouts!
The goblin hits you with a +0 club.
* * * LOW HITPOINT WARNING * * *
The orc closely misses you. The orc priest misses you.
The goblin completely misses you. The orc closely misses you.
It was a potion of magic.
Magic courses through your body.
The orc priest looks braver for a moment.
The goblin hits you but does no damage. The orc hits you with a +0 club.
* * * LOW HITPOINT WARNING * * *
The orc priest closely misses you. The goblin hits you with a +0 club.
* * * LOW HITPOINT WARNING * * *
Unknown command.
It was a potion of curing.
You feel better. The orc hits you but does no damage.
The orc priest hits you but does no damage.
The goblin misses you. The orc hits you but does no damage.
You hit the orc priest.
The orc priest is almost dead.
The orc priest looks satisfied for a moment.
The goblin completely misses you. The orc closely misses you.
The orc priest mumbles some strange prayers to Beogh against you.
Beogh smites you!
* * * LOW HITPOINT WARNING * * *
The goblin hits you with a +0 club.
You die...

#.# ##.....
#...#..##
##....
#.#.##.!###...#
...###.....o.#
#..##....<§§#
#...#..#..###
#K.......##
#####g#...##
#....@o...#
#......o.#.#
#...##.....#
#.. .........
#. ......#..# #
....#..##..#
.....<... #.#
......#.... ..


You could see an orc priest, an orc, a goblin and a kobold.

Vanquished Creatures
  A phantom (D:4)
  Crazy Yiuf (D:2)
  An orc wizard (D:3)
  An adder (D:2)
  3 worms (D:2)
  3 dart slugs (D:3)
  9 orcs (D:3)
  5 ball pythons
  4 endoplasms
  4 giant cockroaches
  7 hobgoblins
  9 jackals
  4 bats
  3 frilled lizards
  7 goblins
  A kobold (D:2)
  5 rats
68 creatures vanquished.

Notes
Turn   | Place    | Note
-------+----------+-------------------------------------------
     0 | D:1      | mhtbhm the Gargoyle Berserker began the quest for the Orb.
     0 | D:1      | Reached XP level 1. HP: 14/14 MP: 1/1
   501 | D:1      | Reached XP level 2. HP: 7/19 MP: 2/2
   982 | D:1      | Reached XP level 3. HP: 23/24 MP: 3/3
  1046 | D:1      | Found a faded altar of an unknown god.
  1421 | D:2      | Found Guiju's Book Shop.
  1775 | D:2      | Reached ** piety under Trog
  1983 | D:2      | Reached XP level 4. HP: 29/29 MP: 4/4
  2015 | D:2      | Found a runed translucent door.
  2016 | D:2      | Noticed Crazy Yiuf
  2027 | D:2      | Killed Crazy Yiuf
  2595 | D:3      | Reached XP level 5. HP: 33/33 MP: 5/5
  2985 | D:3      | Found a burning altar of Makhleb.
  3386 | D:4      | Noticed a phantom
  3457 | D:4      | Killed a phantom
  3458 | D:4      | Reached XP level 6. HP: 22/38 MP: 6/6
  3464 | D:4      | Slain by a goblin

Illustrated notes

Levels and vault maps discovered:
D:1:      noname_arrival_rooms_in_the_neighbourhood, layout_loops_ring,
          basic_ecumenical_altar, minmay_strange_pillars
D:2:      layout_rooms, serial_shops, shop, minmay_misc_feat_doors,
          uniq_crazy_yiuf_cottage
D:3:      layout_loops_ring, marbit_many_paths, minmay_misc_feat_diagonals
D:4:      layout_rooms, slow_altar_2, uniq_ijyb

Skill      XL: |  1  2  3  4  5 |
---------------+----------------+-----
Dodging        | 2 |  2.5
Maces & Flails | 4 |  4.8
Fighting       | 4 |  4.2
Armour         | 3 |  3.2
Stealth        | |  0.5
Unarmed Combat | |  0.3

Action                   |  1- 3 |  4- 6 || total
-------------------------+-------+-------++-------
Melee: Mace              |   133 |   124 ||   257
       Unarmed           |       |     2 ||     2
Invok: Berserk           |     3 |     3 ||     6
  Use: Potion            |       |     2 ||     2
Armor: Animal skin       |    33 |       ||    33
       Ring mail         |    26 |    67 ||    93
Dodge: Dodged            |    92 |    92 ||   184

Table legend: (Time is in decaauts)
 A = Elapsed time spent in this place.
 B = Non-inter-level travel time spent in this place.
 C = Inter-level travel time spent in this place.
 D = Time resting spent in this place.
 E = Time spent auto-exploring this place.
 F = Levels seen in this place.
 G = Mean time per level.
                   A        B        C        D        E       F      G
               +--------+--------+--------+--------+--------+-----+--------+
         Total |   3573 |   3536 |     37 |    979 |   1930 |   4 |  893.2 |
       Dungeon |   3573 |   3536 |     37 |    979 |   1930 |   4 |  893.2 |
               +--------+--------+--------+--------+--------+-----+--------+

Top non-repeatable levels by time:
     D:1: 1285 daAuts
     D:2: 1190 daAuts
     D:3: 1061 daAuts
     D:4: 35 daAuts
